 Dungeon Crawl Stone Soup version 0.21.1-1-g345015f (webtiles) character file.

2374 equalderp2856 the Protected (level 9, -1/75 HPs)
             Began as a Minotaur Fighter on May 12, 2018.
             Hit by a javelin of returning thrown by a centaur (4 damage)
             ... in a bailey.
             The game lasted 00:13:06 (8719 turns).

equalderp2856 the Protected (Minotaur Fighter)      Turns: 8719, Time: 00:13:06

Health: -1/75      AC:  9    Str: 21      XL:     9   Next: 21%
Magic:  12/12      EV:  9    Int:  6      God:
Gold:   247        SH: 10    Dex: 10 (12) Spells: 12/13 levels left

rFire    . . .     SeeInvis .   a - +0 war axe
rCold    . . .     Gourm    .   c - +0 shield
rNeg     . . .     Faith    .   b - +0 scale mail
rPois    .         Spirit   .   (helmet restricted)
rElec    .         Reflect  .   (no cloak)
rCorr    .         Harm     .   (no gloves)
MR       .....                  w - +0 pair of boots
Stlth    ..........             (no amulet)
HPRegen  0.22/turn              (no ring)
MPRegen  0.13/turn              (no ring)

@: no status effects
A: retaliatory headbutt, horns 2
a: no special abilities


You were in a bailey.
You were not hungry.

You visited 1 branch of the dungeon, and saw 7 of its levels.
You also visited: Bailey.

You collected 427 gold pieces.
You spent 180 gold pieces at shops.

Inventory:

Hand Weapons
 a - a +0 war axe (weapon)
Armour
 b - a +0 scale mail (worn)
 c - a +0 shield (worn)
 w - a +0 pair of boots (worn)
Jewellery
 i - an uncursed ring of wizardry {unknown}
 t - an uncursed ring of poison resistance {unknown}
 v - a cursed amulet of inaccuracy {unknown}
Wands
 E - a wand of digging (10)
Scrolls
 e - 6 scrolls of teleportation {unknown}
 g - 2 scrolls of immolation {unknown}
 h - 8 scrolls of identify {unknown}
 k - 3 scrolls of magic mapping {unknown}
 m - 2 scrolls of remove curse {unknown}
 n - 2 scrolls of blinking {unknown}
 r - 2 scrolls of fear {unknown}
 s - 3 scrolls of amnesia {unknown}
 y - a scroll of enchant armour {unknown}
 D - a scroll of random uselessness {unknown}
 F - 2 scrolls of fog {unknown}
Potions
 d - 3 potions of might
 j - 2 potions of curing
 l - 2 potions of agility
 o - 4 potions of heal wounds
 p - 2 potions of lignification {unknown}
 q - a potion of ambrosia {unknown}
 x - 3 potions of degeneration
 z - a potion of berserk rage
 B - a potion of brilliance {unknown}
Books
 u - a book of Cantrips

   Spells                             Type                      Level
   a - Confusing Touch                Hexes                        1
   b - Animate Skeleton               Necromancy                   1
   c - Summon Small Mammal            Summoning                    1
   d - Apportation                    Translocation                1
 A - a book of Changes

   Spells                             Type                      Level
   a - Beastly Appendage              Transmutation                1
   b - Sticks to Snakes               Transmutation                2
   c - Spider Form                    Transmutation/Poison         3
   d - Ice Form                       Ice/Transmutation            4
   e - Blade Hands                    Transmutation                5
Comestibles
 f - 16 rations


   Skills:
 + Level 6.0 Fighting
 + Level 7.3 Axes
 + Level 8.2 Armour
 + Level 3.3 Dodging
 + Level 0.2 Stealth
 + Level 6.2 Shields
 * Level 2.7 Spellcasting
 * Level 3.0 Translocations
 + Level 0.1 Evocations


You had 12 spell levels left.
You knew the following spells:

 Your Spells              Type           Power        Failure   Level  Hunger
a - Apportation           Tloc           #.....       63%         1    ##.....


Dungeon Overview and Level Annotations

Branches:
Dungeon (7/15)             Temple (0/1) D:5

Altars:
Elyvilon
Gozag
Kikubaaqudgha
Makhleb
Qazlal
Ru
Sif Muna
Trog
Uskayaw
Yredelemnul

Shops:
D:4 !


Innate Abilities, Weirdness & Mutations

You reflexively headbutt those who attack you in melee.
You have a pair of horns on your head.


Message History

The centaur hits you but does no damage.
You block the orc's attack.
Things that are here:
a halberd; a scale mail; an orc corpse The centaur hits you from afar with a trident!
You block the orc's attack. x2
A centaur is nearby!
The centaur shouts!
The centaur throws a javelin of returning.
The javelin of returning hits you!
* * * LOW HITPOINT WARNING * * *
The centaur throws a javelin of returning.
You block the javelin of returning.
The weapon returns to the centaur!
The centaur throws a javelin of returning.
The javelin of returning hits you!
* * * LOW HITPOINT WARNING * * *
The weapon returns to the centaur!
The centaur throws a javelin of returning.
The javelin of returning hits you.
You die...

≈.≈≈.≈...≈.≈≈.≈
≈.≈.≈≈...≈≈.≈.≈
.≈.≈.≈.⌠∩⌠.≈.≈c≈.
.≈.≈.≈..(..≈.≈.≈.
.≈.≈.≈.⌠∩⌠.≈.≈.≈.
.≈.≈.≈≈...≈≈.≈.≈.
.≈.≈≈.≈.(.≈.≈≈.≈.
.≈≈.≈.≈≈.≈≈.≈.≈≈.
..≈.≈≈.≈@≈)≈≈.≈..
.....≈≈)..≈≈.....
......≈≈≈≈≈......
≈≈≈≈..ooco...≈≈≈≈
###≈≈⌠$.$.$⌠≈≈###
##≈≈≈$$$≈≈≈##
##≈≈≈≈≈≈≈##
#########


You could see 2 centaurs and 3 orcs.

Vanquished Creatures
  Pikel (D:3)
  Prince Ribbit (D:6)
  The ghost of Iko the Charmwright, an amateur HaSk (D:5)
  A sky beast (D:2)
  2 centaurs (D:6)
  Blork the orc (D:6)
  2 bullfrogs
  2 scorpions
  3 vampire bats (D:6)
  A crimson imp (D:5)
  A quasit (D:5)
  A hound (D:4)
  A bullfrog zombie (D:6)
  8 orc wizards
  3 orc priests
  A jelly (D:6)
  3 centaur skeletons
  3 worker ants
  A hound skeleton (D:4)
  4 gnolls (D:7)
  6 adders
  An ooze (D:3)
  2 adder skeletons (D:4)
  2 adder zombies
  A worm (D:3)
  3 leopard geckos
  40 orcs
  3 bat skeletons (D:6)
  3 bat zombies (D:6)
  2 giant cockroaches
  2 gnoll zombies (D:6)
  8 goblins
  8 hobgoblins
  2 jackals (D:5)
  4 kobolds
  A quokka (D:4)
  15 bats
  A frilled lizard (D:4)
  A giant cockroach zombie (D:6)
  A jackal skeleton (D:4)
  A quokka skeleton (D:4)
  5 rats
153 creatures vanquished.

Vanquished Creatures (others)
  A slave (D:5)
  An ogre (D:5)
  An iguana (D:5)
  A hound zombie (D:5)
  A jackal (D:5)
  A plant (D:5)
6 creatures vanquished.

Grand Total: 159 creatures vanquished

Notes
Turn   | Place    | Note
-------+----------+-------------------------------------------
     0 | D:1      | equalderp2856 the Minotaur Fighter began the quest for the Orb.
     0 | D:1      | Reached XP level 1. HP: 19/19 MP: 0/0
   228 | D:1      | Reached XP level 2. HP: 27/27 MP: 1/1
   779 | D:2      | Reached skill level 4 in Armour
  1006 | D:2      | Found a hide-covered altar of Uskayaw.
  1006 | D:2      | Found an opulent altar of Gozag.
  1401 | D:2      | Found a bloodstained altar of Trog.
  1490 | D:3      | Reached XP level 3. HP: 33/33 MP: 2/2
  1505 | D:3      | Found a deep blue altar of Sif Muna.
  1864 | D:3      | Noticed a sky beast
  1866 | D:3      | Reached XP level 4. HP: 40/40 MP: 3/3
  2079 | D:2      | Killed a sky beast
  2079 | D:2      | Reached skill level 5 in Armour
  2079 | D:2      | Reached XP level 5. HP: 22/46 MP: 4/4
  2620 | D:4      | Found a sacrificial altar of Ru.
  2831 | D:4      | Reached skill level 5 in Shields
  2846 | D:4      | Learned a level 1 spell: Apportation
  3271 | D:4      | Reached XP level 6. HP: 51/52 MP: 5/5
  3376 | D:4      | Found Surygg's Distillery.
  3384 | D:4      | Bought a potion of degeneration for 10 gold pieces
  3384 | D:4      | Bought a potion of heal wounds for 50 gold pieces
  3384 | D:4      | Bought a potion of curing for 30 gold pieces
  3384 | D:4      | Bought a potion of berserk rage for 50 gold pieces
  3384 | D:4      | Bought a potion of agility for 40 gold pieces
  3456 | D:4      | Reached skill level 5 in Axes
  4168 | D:5      | Entered Level 5 of the Dungeon
  4174 | D:5      | Reached skill level 1 in Dodging
  4190 | D:5      | Noticed Pikel
  4190 | D:5      | Noticed a slave
  4191 | D:5      | Noticed a slave
  4196 | D:5      | Noticed a slave
  4196 | D:5      | Noticed a slave
  4925 | D:3      | Killed Pikel
  4925 | D:3      | Reached skill level 6 in Armour
  4925 | D:3      | Reached skill level 1 in Spellcasting
  4925 | D:3      | Reached skill level 1 in Translocations
  4925 | D:3      | Reached XP level 7. HP: 40/60 MP: 6/8
  5100 | D:4      | Reached skill level 5 in Fighting
  5371 | D:5      | Reached XP level 8. HP: 23/68 MP: 8/10
  5392 | D:5      | Noticed Iko's ghost (amateur HaSk)
  5612 | D:5      | Killed Iko's ghost
  5612 | D:5      | Reached skill level 7 in Armour
  5727 | D:5      | HP: 3/68 [scorpion (2)]
  5911 | D:5      | Found a staircase to the Ecumenical Temple.
  7004 | D:6      | Found a burning altar of Makhleb.
  7157 | D:6      | Found a white marble altar of Elyvilon.
  7380 | D:6      | Noticed Prince Ribbit
  7405 | D:6      | Killed Prince Ribbit
  7768 | D:6      | Noticed Blork the orc
  7772 | D:6      | Killed Blork the orc
  7808 | D:6      | Reached XP level 9. HP: 64/75 MP: 10/12
  7931 | D:6      | Found a basalt altar of Yredelemnul.
  8008 | D:6      | Found a stormy altar of Qazlal.
  8120 | D:6      | Found an ancient bone altar of Kikubaaqudgha.
  8269 | D:6      | Reached skill level 8 in Armour
  8497 | D:7      | Found a flagged portal.
  8610 | Bailey   | Entered a bailey
  8718 | Bailey   | HP: 3/75 [centaur/javelin of returning (12)]
  8719 | Bailey   | Hit by a javelin of returning thrown by a centaur

Skill      XL: |  1  2  3  4  5  6  7  8  9 |
---------------+----------------------------+-----
Fighting       | 4 5 6 |  6.0
Shields        | 4 5 6 |  6.2
Armour         | 4 5 6 7 8 |  8.2
Axes           | 3 4 5 6 7 |  7.3
Dodging        | 1 2 3 |  3.3
Spellcasting   | 1 2 |  2.7
Translocations | 1 2 3 |  3.0
Stealth        | |  0.2
Evocations     | |  0.1

Action                   |  1- 3 |  4- 6 |  7- 9 || total
-------------------------+-------+-------+-------++-------
Melee: War axe           |   102 |   165 |   267 ||   534
       Headbutt          |    13 |    28 |    50 ||    91
Evoke: Wand              |       |       |     6 ||     6
  Use: Potion            |       |       |     3 ||     3
  Eat: Chunk             |     3 |     6 |     6 ||    15
       Ration            |       |     1 |     2 ||     3
Armor: Scale mail        |    73 |    79 |   151 ||   303
Dodge: Dodged            |    35 |    49 |   149 ||   233
Block: Shield            |    71 |    82 |   179 ||   332
